 Dungeon Crawl Stone Soup version 0.18-a0-1164-g7046a04 (webtiles) character file.

2127 kae the Carver (level 9, 0/70 HPs)
             Began as a Minotaur Fighter on Jan 25, 2016.
             Was a Believer of Qazlal.
             Slain by an orc
             ... wielding a +0 trident
              (2 damage)
             ... in a bailey.
             The game lasted 00:08:28 (4583 turns).

kae the Carver (Minotaur Fighter)                   Turns: 4583, Time: 00:08:29

Health: 0/70       AC: 10    Str: 22    XL:     9   Next: 8%
Magic:  8/8        EV:  7    Int:  7    God:    Qazlal [**....]
Gold:   533        SH: 12    Dex: 10    Spells: 0 memorised, 8 levels left

rFire  . . .     SeeInvis .     u - +0 falchion
rCold  . . .     Gourm    .     b - +0 scale mail
rNeg   . . .     Faith    .     c - +0 shield
rPois  .         Spirit   .     (helmet restricted)
rElec  .         Dismiss  .     n - +0 cloak
rCorr  .         Reflect  .     e - +1 pair of gloves
SustAt .         Harm     +     (no boots)
MR     +....                    w - amulet of harm
Stlth  ..........               (no ring)
                                o - ring of protection from magic

@: somewhat resistant to hostile enchantments, extremely unstealthy
A: retaliatory headbutt, horns 2
a: Upheaval, Renounce Religion


You were in a bailey.
You worshipped Qazlal.
Qazlal was pleased with you.
You were not hungry.

You visited 2 branches of the dungeon, and saw 8 of its levels.
You also visited: Bailey.

You collected 533 gold pieces.

Inventory:

Hand Weapons
 u - a +0 falchion (weapon)
 B - a +0 dagger
Armour
 b - a +0 scale mail (worn)
 c - a +0 shield (worn)
 e - a +1 pair of gloves (worn)
 n - a +0 cloak (worn)
Jewellery
 o - a ring of protection from magic (left hand)
 w - an amulet of harm (around neck)
Wands
 s - a wand of random effects (45/48)
Scrolls
 a - a scroll of remove curse
 g - a scroll of identify
 j - 5 scrolls of fear
 k - 4 scrolls of enchant weapon
 l - a scroll of magic mapping
 m - 2 scrolls of fog
 q - 2 scrolls of blinking
 y - a scroll of teleportation
 A - a scroll of recharging
Potions
 d - a potion of ambrosia
 t - a potion of curing
 v - a potion of heal wounds
 x - 2 potions of mutation
Books
 z - a book of Power

   Spells                             Type                      Level
   a - Fulminant Prism                Conjuration/Hexes            4
   b - Iskenderun's Mystic Blast      Conjuration                  4
   c - Venom Bolt                     Conjuration/Poison           5
   d - Bolt of Magma                  Conjuration/Fire/Earth       5
   e - Iron Shot                      Conjuration/Earth            6
   f - Orb of Destruction             Conjuration                  7
   g - Spellforged Servitor           Conjuration/Summoning        7
Comestibles
 f - 6 bread rations
 i - 2 meat rations
 p - a slice of pizza
 r - 2 royal jellies
 C - a chunk of flesh


   Skills:
 - Level 3.6 Fighting
 + Level 13.8 Long Blades
 - Level 3.6 Armour
 - Level 3.6 Shields


You had 8 spell levels left.
You didn't know any spells.

Dungeon Overview and Level Annotations

Branches:
Dungeon (7/15)             Temple (1/1) D:4

Altars:
Ashenzari
Dithmenos
Elyvilon
Fedhas
Gozag
Kikubaaqudgha
Makhleb
Nemelex Xobeh
Okawaru
Pakellas
Qazlal
Sif Muna
Trog
Vehumet
Xom
Yredelemnul
Zin
The Shining One

Shops:
D:6 =


Innate Abilities, Weirdness & Mutations

You reflexively headbutt those who attack you in melee.
You have a pair of horns on your head.


Message History

The orc warrior hits you with an enchanted trident!
* * * LOW HITPOINT WARNING * * *
You are too injured to fight recklessly!
You are too injured to fight recklessly!
You are too injured to fight recklessly!
You are too injured to fight recklessly!
You are too injured to fight recklessly!
You are too injured to fight recklessly!
You are too injured to fight recklessly!
You are too injured to fight recklessly!
You are too injured to fight recklessly!
You are too injured to fight recklessly!
You are too injured to fight recklessly!
You are too injured to fight recklessly!
You are too injured to fight recklessly!
You closely miss the orc.
The orc warrior hits you with an enchanted trident!
* * * LOW HITPOINT WARNING * * *
The orc hits you with a trident.
You die...

...)≈≈≈≈≈......#..##
...≈≈...≈≈.....#..≈#
≈.≈≈.≈.≈.≈≈.≈..'..≈#
≈.≈.≈≈(≈≈.≈.≈≈.#..≈#
.≈≈.≈...≈.≈≈.≈.#..≈#
.≈.≈≈...≈≈.≈.≈.#..≈#
.≈.≈.⌠∩⌠.≈.≈.≈.#..≈#
.≈.≈..∩..≈.≈.≈.#)§≈#
.≈.≈.⌠∩⌠.≈.≈.≈.#@.≈#
.≈.≈≈...≈≈.≈.≈.#oo≈#
.≈≈.≈...≈.≈≈.≈ #..≈#
≈.≈.≈≈≈≈≈.≈.≈≈ #o.≈#
≈.≈≈.))..≈≈.≈. #..≈#
≈≈.≈≈≈.≈≈≈.≈≈. ⌠..≈#
)≈≈..≈.≈..≈≈.. ...≈#
⌠.≈≈≈...≈≈≈.⌠. ...≈#
..))≈≈≈≈≈....#


You could see an orc warrior and 2 orcs.

Vanquished Creatures
  Sigmund (D:4)
  Eustachio (D:5)
  Edmund (D:6)
  Duvessa (D:4)
  An orc warrior (Bailey)
  An ice beast (D:6)
  An ogre (D:6)
  3 centaurs
  A big kobold (D:7)
  Blork the orc (D:4)
  5 giant frogs
  Dowan (D:4)
  A crimson imp (D:6)
  3 orc priests
  An orc wizard (D:3)
  A giant frog skeleton (D:5)
  An iguana (D:6)
  2 worker ants
  3 hound skeletons
  7 gnolls
  10 adders
  An adder skeleton (D:5)
  3 worms
  2 giant geckos (D:4)
  29 orcs
  A ball python (D:1)
  5 bats
  5 giant cockroaches
  8 goblins
  6 hobgoblins
  7 jackals
  11 kobolds
  A quokka (D:6)
  6 giant newts
  3 rats
135 creatures vanquished.

Vanquished Creatures (others)
  A centaur zombie (D:6)
1 creature vanquished.

Grand Total: 136 creatures vanquished

Notes
Turn   | Place    | Note
--------------------------------------------------------------
     0 | D:1      | kae the Minotaur Fighter began the quest for the Orb.
     0 | D:1      | Reached XP level 1. HP: 19/19 MP: 0/0
    98 | D:1      | Reached XP level 2. HP: 16/26 MP: 1/1
   483 | D:2      | Reached skill level 4 in Long Blades
   483 | D:2      | Reached XP level 3. HP: 31/31 MP: 2/2
   629 | D:2      | Reached skill level 5 in Long Blades
   880 | D:2      | Reached XP level 4. HP: 33/39 MP: 3/3
  1098 | D:3      | Reached skill level 6 in Long Blades
  1172 | D:3      | Reached XP level 5. HP: 27/45 MP: 4/4
  1206 | D:3      | Found a radiant altar of Vehumet.
  1215 | D:3      | Found an oddly glowing altar of Pakellas.
  1218 | D:3      | Found a stormy altar of Qazlal.
  1222 | D:3      | Became a worshipper of Qazlal Stormbringer
  1482 | D:3      | Reached skill level 7 in Long Blades
  1983 | D:4      | Reached XP level 6. HP: 51/51 MP: 5/5
  2003 | D:4      | Noticed Sigmund
  2026 | D:4      | Killed Sigmund
  2026 | D:4      | Reached skill level 8 in Long Blades
  2265 | D:4      | Reached skill level 9 in Long Blades
  2418 | D:4      | Noticed Blork the orc
  2423 | D:4      | Killed Blork the orc
  2423 | D:4      | Reached XP level 7. HP: 57/57 MP: 6/6
  2436 | D:4      | Found an iron altar of Okawaru.
  2440 | D:4      | Noticed Duvessa
  2441 | D:4      | Noticed Dowan
  2460 | D:4      | Killed Duvessa
  2473 | D:4      | Killed Dowan
  2473 | D:4      | Reached skill level 10 in Long Blades
  2661 | D:4      | Found a staircase to the Ecumenical Temple.
  2676 | Temple   | Entered the Ecumenical Temple
  2745 | D:5      | Entered Level 5 of the Dungeon
  2831 | D:5      | Noticed Eustachio
  2843 | D:5      | Killed Eustachio
  2913 | D:5      | Found a burning altar of Makhleb.
  2929 | D:5      | Reached * piety under Qazlal
  2983 | D:5      | Reached skill level 11 in Long Blades
  3355 | D:6      | Reached XP level 8. HP: 59/64 MP: 7/7
  3519 | D:6      | Noticed Edmund
  3530 | D:6      | Killed Edmund
  3535 | D:6      | Reached skill level 12 in Long Blades
  3941 | D:6      | Found Inyrphag's Jewellery Shoppe.
  4104 | D:6      | Reached skill level 13 in Long Blades
  4286 | D:7      | Found a flagged portal.
  4321 | Bailey   | Entered a bailey
  4381 | Bailey   | Reached XP level 9. HP: 49/70 MP: 8/8
  4396 | Bailey   | Reached ** piety under Qazlal
  4583 | Bailey   | HP: 2/70 [orc warrior/enchanted trident (16)]
  4583 | Bailey   | Slain by an orc

Vault maps used:
D:1:      dpeg_arrival_pond
D:3:      grunt_temple_overflow_diamond
D:4:      lemuel_crystal_altar, temple_green, first_bread, uniq_sigmund,
          uniq_blork_the_orc, uniq_duvessa
D:5:      nicolae_overflow_crystal_walls, uniq_eustachio
D:6:      nicolae_overflow_hidden_temple, serial_shops, kennysheep_mini_moat,
          lemuel_flame_loot_1, uniq_edmund
D:7:      enter_bailey_3, st_stairs_6, grunt_livestock,
          kennysheep_generic_room_4, uniq_pikel
Temple:   nicolae_temple_god_jail
Bailey:   bailey_polearm_flooded_kennysheep, bailey

Action                   |  1- 3 |  4- 6 |  7- 9 || total
-------------------------+-------+-------+-------++-------
Melee: Long sword        |    88 |   160 |   108 ||   356
       Falchion          |       |       |   132 ||   132
Evoke: Wand              |       |       |     1 ||     1
  Use: Scroll            |       |     7 |     9 ||    16
       Potion            |       |     2 |     2 ||     4
  Eat: Chunk             |       |     5 |     7 ||    12
